[Event "Titled Tuesday Blitz March 28 Early 2023"]
[White "Ordekalog"]
[Black "Salinas Herrera, Pablo"]
[BlackFideId "3407128"]
[WhiteElo "2577"]
[BlackElo "2550"]
[Result "0-1"]
[Round "02"]
[TimeControl "180+2"]
[Date "2023.03.28"]
[WhiteClock "0:01:13"]
[BlackClock "0:01:10"]

1. d4 Nf6 2. c4 e6 3. Nc3 d5 4. cxd5 exd5 5. Bg5 c6 6. e3 h6 7. Bh4 Bd6 8. Bd3 O-O 9. Nge2 Re8 10. Bg3 a5 11. Qc2 Na6 12. a3 Nc7 13. O-O Ne6 14. f3 Bxg3 15. Nxg3 b5 16. Rae1 Bd7 17. Nf5 Qb6 18. Kh1 c5 19. Qf2 cxd4 20. exd4 Nf4 21. Qg3 N6h5 22. Nxh6+ Qxh6 0-1


[Site "https://www.chess.com"]

[Event "Titled Tuesday Blitz March 28 Early 2023"]
[White "Chigaev, Maksim"]
[Black "Tica, Sven"]
[WhiteFideId "4108116"]
[BlackFideId "14526948"]
[WhiteElo "2547"]
[BlackElo "2348"]
[Result "0-1"]
[Round "02"]
[TimeControl "180+2"]
[Date "2023.03.28"]
[WhiteClock "0:00:13"]
[BlackClock "0:01:12"]

1. Nf3 g6 2. e4 Bg7 3. d4 d6 4. Nc3 a6 5. a4 Nd7 6. Bc4 e6 7. O-O Ne7 8. Re1 h6 9. Ne2 b6 10. Ng3 Bb7 11. c3 O-O 12. Bb3 e5 13. h4 c5 14. h5 g5 15. Nxg5 hxg5 16. Bxg5 exd4 17. Nf5 Bf6 18. Qg4 Ne5 19. Bxf6+ Nxg4 20. Bxe7 Qd7 21. cxd4 Rfe8 22. Bd1 Rxe7 23. Bxg4 Kh8 24. f3 Rg8 25. dxc5 Rxg4 26. fxg4 Rxe4 27. cxd6 0-1


[Site "https://www.chess.com"]

[Event "Titled Tuesday Blitz March 28 Early 2023"]
[White "Guerrero Olmos, Sergio"]
[Black "demon64fields"]
[WhiteFideId "2257238"]
[WhiteElo "2266"]
[BlackElo "2863"]
[Result "1-0"]
[Round "02"]
[TimeControl "180+2"]
[Date "2023.03.28"]
[WhiteClock "0:00:04"]
[BlackClock "0:00:13"]

1. d4 g6 2. Nf3 Bg7 3. Bf4 d6 4. e3 Nd7 5. h3 e5 6. Bh2 Qe7 7. Be2 Ngf6 8. O-O O-O 9. c4 Ne4 10. Nbd2 Nxd2 11. Qxd2 b6 12. Rac1 Bb7 13. b4 a5 14. a3 f5 15. c5 dxc5 16. bxc5 bxc5 17. dxe5 Nxe5 18. Nxe5 Bxe5 19. Bxe5 Qxe5 20. Rc3 f4 21. Rfc1 fxe3 22. Rxe3 Qf4 23. Bc4+ Kg7 24. Qb2+ Kh6 25. Re7 Rab8 26. Qg7+ Kg5 27. h4+ Kf5 28. Bd3+ Kg4 29. Rc4 Be4 30. f3+ Kg3 31. Rcxe4 Qc1+ 32. Bf1 Rf4 33. Qe5 h6 34. Rxf4 Qxf4 35. Qe1# 1-0


[Site "https://www.chess.com"]

[Event "Titled Tuesday Blitz March 28 Early 2023"]
[White "Koustav, Chatterjee"]
[Black "Hnydiuk, Aleksander"]
[WhiteFideId "25073060"]
[BlackFideId "1109057"]
[WhiteElo "2432"]
[BlackElo "2374"]
[Result "1-0"]
[Round "02"]
[TimeControl "180+2"]
[Date "2023.03.28"]
[WhiteClock "0:00:55"]
[BlackClock "0:00:18"]

1. Nf3 Nf6 2. d4 e6 3. Bf4 c5 4. e3 b6 5. Nbd2 Be7 6. h3 O-O 7. Bd3 cxd4 8. exd4 Ba6 9. Bxa6 Nxa6 10. c3 d6 11. O-O Nc7 12. Re1 b5 13. Qe2 Qd7 14. Ne4 Qc6 15. Nfd2 Nxe4 16. Nxe4 Nd5 17. Bh2 Rfc8 18. Rac1 a5 19. Qh5 a4 20. a3 Nb6 21. Rc2 Nc4 22. Rce2 Qd5 23. Qxd5 exd5 24. Ng3 Bf8 25. Nf5 g6 26. Ne3 Nb6 27. Ng4 h5 28. Nf6+ Kh8 29. Bf4 Nc4 30. Nxd5 Bg7 31. Ne3 b4 32. Nxc4 Rxc4 33. axb4 a3 34. Re8+ Rxe8 35. Rxe8+ Kh7 36. bxa3 Rxc3 37. Re3 Rc1+ 38. Kh2 Bxd4 39. Rd3 Rc4 40. Bxd6 Bxf2 41. Rf3 Rc2 42. Rxf7+ Kg8 43. Rf8+ Kg7 44. Rf3 h4 45. b5 Bb6 46. Be5+ Kg8 47. Rf6 Rc1 48. Rxb6 1-0


[Site "https://www.chess.com"]

[Event "Titled Tuesday Blitz March 28 Early 2023"]
[White "Tokhirjonova, Gulrukhbegim"]
[Black "Moussard, Jules"]
[WhiteFideId "14203626"]
[BlackFideId "642908"]
[WhiteElo "2268"]
[BlackElo "2610"]
[Result "0-1"]
[Round "02"]
[TimeControl "180+2"]
[Date "2023.03.28"]
[WhiteClock "0:00:12"]
[BlackClock "0:01:05"]

1. c4 e5 2. Nc3 Nf6 3. Nf3 Nc6 4. e4 h6 5. d4 exd4 6. Nxd4 Bb4 7. f3 O-O 8. Be2 d6 9. Be3 Re8 10. O-O Bc5 11. Kh1 Nxd4 12. Bxd4 Bxd4 13. Qxd4 Bd7 14. Rad1 Bc6 15. b4 b6 16. a4 a5 17. b5 Bb7 18. Nd5 Nd7 19. Ne3 Qf6 20. Qxf6 Nxf6 21. Nd5 Bxd5 22. cxd5 Nd7 23. Rd4 f5 24. Bd3 fxe4 25. Bxe4 Nc5 26. h4 Re5 27. Bg6 Rf8 28. Kh2 Rf6 29. h5 Kf8 30. g4 Nb3 31. Rdd1 Rf4 32. Kg3 Rxa4 33. f4 Re3+ 34. Rf3 Rxf3+ 35. Kxf3 Nd4+ 36. Kf2 Ra2+ 37. Ke3 Nxb5 38. Re1 Ke7 39. Kd3+ Kd8 40. Re8+ Kd7 41. Rg8 Ra3+ 42. Kc4 Nc3 43. Bf5+ Ke7 44. Rxg7+ Kf8 45. Rxc7 b5+ 46. Kd4 Ne2+ 47. Ke4 Ng3+ 48. Kd4 Ra4+ 49. Ke3 Nxf5+ 50. gxf5 Rc4 51. Ra7 a4 52. f6 Rb4 53. Kf3 Rd4 54. Kg4 Rxd5 55. Rb7 a3 56. Ra7 b4 57. Ra4 Rb5 58. f5 b3 59. Rxa3 b2 60. Ra8+ Kf7 61. Ra7+ Kxf6 0-1


[Site "https://www.chess.com"]

[Event "Titled Tuesday Blitz March 28 Early 2023"]
[White "Pichot, Alan"]
[Black "Crevatin, Leo"]
[WhiteFideId "110973"]
[BlackFideId "1726307"]
[WhiteElo "2573"]
[BlackElo "2190"]
[Result "1-0"]
[Round "02"]
[TimeControl "180+2"]
[Date "2023.03.28"]
[WhiteClock "0:00:10"]
[BlackClock "0:00:02"]

1. e4 c5 2. Nf3 d6 3. d4 cxd4 4. Nxd4 Nf6 5. Nc3 Nc6 6. Nd5 Nxe4 7. Nb5 Qa5+ 8. c3 Rb8 9. b4 Qd8 10. Ndc7+ Kd7 11. Qg4+ e6 12. Qxe4 a6 13. Bf4 axb5 14. Nxb5 Qf6 15. Be2 Be7 16. O-O Rd8 17. Rad1 e5 18. Be3 Qg6 19. Qxg6 hxg6 20. Bb6 Rh8 21. Nxd6 Bxd6 22. Bc5 Ra8 23. Rxd6+ Kc7 24. Rd2 Be6 25. b5 Na5 26. Bd6+ Kb6 27. Bxe5 Nc4 28. Bd4+ Kxb5 29. Rb1+ Kc6 30. Bf3+ Bd5 31. Bxd5+ Kxd5 32. Re2 Rhe8 33. Rxe8 Rxe8 34. h3 Kc6 35. Bxg7 Ra8 36. Rb4 b5 37. Rb1 Rxa2 38. Re1 Kd7 39. Bf6 Kd6 40. Re7 Ra1+ 41. Kh2 Nd2 42. h4 1-0


[Site "https://www.chess.com"]

[Event "Titled Tuesday Blitz March 28 Early 2023"]
[White "MKlose11"]
[Black "Van Foreest, Lucas"]
[BlackFideId "1039792"]
[WhiteElo "2571"]
[BlackElo "2519"]
[Result "1/2-1/2"]
[Round "02"]
[TimeControl "180+2"]
[Date "2023.03.28"]
[WhiteClock "0:00:06"]
[BlackClock "0:00:09"]

1. e4 b5 2. Bxb5 Bb7 3. Nc3 f5 4. Bd3 Nf6 5. Qe2 e6 6. Nf3 fxe4 7. Nxe4 Be7 8. Nxf6+ Bxf6 9. Be4 d5 10. Bd3 Qd6 11. Bf5 Kf7 12. Bh3 e5 13. d3 Nc6 14. O-O Rhf8 15. Ng5+ Kg8 16. Be6+ Kh8 17. Nxh7 Qxe6 18. Qh5 Kg8 19. Nxf8 Rxf8 20. Bd2 d4 21. Rae1 Qxa2 22. f4 Qd5 23. fxe5 Nxe5 24. Qh3 Ng6 25. Qe6+ Qxe6 26. Rxe6 Kf7 27. Ree1 Rd8 28. Ra1 a6 29. Bg5 Rd5 30. Bxf6 gxf6 31. g3 Rb5 32. b3 Ne5 33. Ra4 Nf3+ 34. Kf2 Nxh2 35. Rfa1 Ng4+ 36. Ke2 Re5+ 37. Kd2 c5 38. b4 Ke6 39. bxc5 Kd5 40. Rb4 Bc6 41. Rxa6 Rh5 42. Ra7 Ne3 43. c4+ Kxc5 44. Ra5+ Kxb4 45. Rxh5 Nf1+ 46. Kc2 Ba4+ 47. Kb2 Nxg3 48. Rd5 f5 49. Rxd4 Bc6 50. Rd6 Kc5 51. Rg6 f4 52. Kc3 Ne2+ 53. Kd2 Nd4 54. Rf6 f3 55. Ke3 Bb7 56. Rf8 Bc6 57. Rc8 Nf5+ 58. Kf2 Nd4 59. Rd8 Ne6 60. Rc8 Ng5 61. Rg8 Nf7 62. Rg6 Ne5 63. Re6 Nxd3+ 64. Kg3 f2 65. Rf6 Bb7 66. Rxf2 Kxc4 67. Rf4+ Kd5 68. Rf3 Nc5 69. Rf4 Ne6 70. Rf5+ Ke4 71. Rf2 Nd4 72. Rf4+ Ke5 73. Rxd4 Kxd4 1/2-1/2


[Site "https://www.chess.com"]

[Event "Titled Tuesday Blitz March 28 Early 2023"]
[White "Kovalev, Vladislav"]
[Black "Kaidanov, Gregory"]
[WhiteFideId "13504398"]
[BlackFideId "2008564"]
[WhiteElo "2555"]
[BlackElo "2547"]
[Result "1-0"]
[Round "02"]
[TimeControl "180+2"]
[Date "2023.03.28"]
[WhiteClock "0:00:15"]
[BlackClock "0:00:22"]

1. e4 e5 2. Nf3 Nc6 3. Bb5 a6 4. Ba4 Nf6 5. O-O Nxe4 6. d4 b5 7. Bb3 d5 8. dxe5 Be6 9. Nbd2 Nc5 10. c3 d4 11. Bxe6 Nxe6 12. cxd4 Ncxd4 13. a4 Bb4 14. axb5 Nxb5 15. Qa4 Bxd2 16. Bxd2 O-O 17. Rfd1 Re8 18. h4 Qd5 19. Be3 Qb7 20. h5 c5 21. h6 g6 22. Qh4 Qe7 23. Qxe7 Rxe7 24. Rd5 Rc7 25. Rad1 Kf8 26. Ng5 Nxg5 27. Rd8+ Rxd8 28. Rxd8+ Ke7 29. Bxg5+ Ke6 30. Bf6 Nd4 31. Rh8 Nf5 32. Rxh7 Rc8 33. g4 Nd6 34. Rh8 Rxh8 35. Bxh8 Ne4 36. Bf6 1-0


[Site "https://www.chess.com"]

[Event "Titled Tuesday Blitz March 28 Early 2023"]
[White "Fiorito, Joaquin"]
[Black "Pakleza, Zbigniew"]
[WhiteFideId "180173"]
[BlackFideId "1119290"]
[WhiteElo "2157"]
[BlackElo "2410"]
[Result "0-1"]
[Round "02"]
[TimeControl "180+2"]
[Date "2023.03.28"]
[WhiteClock "0:00:16"]
[BlackClock "0:00:04"]

1. d4 d6 2. e4 Nf6 3. Nc3 c6 4. f4 Qb6 5. Nf3 Bg4 6. e5 Nd5 7. Nxd5 cxd5 8. c3 Nc6 9. h3 Bf5 10. Bd3 g6 11. Bxf5 gxf5 12. e6 fxe6 13. Ng5 Kd7 14. Qe2 Nd8 15. O-O h6 16. Nf3 Rg8 17. b4 Rc8 18. Bd2 Qa6 19. Qe3 Qc4 20. a4 Rg6 21. Nh4 Rf6 22. Rae1 a5 23. bxa5 Qxa4 24. g4 fxg4 25. hxg4 Qxa5 26. g5 Rf7 27. Ng6 Bg7 28. f5 exf5 29. gxh6 Bf6 30. Rxf5 Qa2 31. Rf2 Kc7 32. Qh3 Nc6 33. h7 Rg7 34. Rg2 Rxg6 35. Rxg6 Qxd2 36. Rf1 Nxd4 37. Rgxf6 Ne2+ 38. Kh1 exf6 39. Qxc8+ Kxc8 40. h8=Q+ Kc7 41. Qg7+ Kc6 42. Qg2 Qh6+ 43. Qh2 Ng3+ 44. Kg2 Qxh2+ 0-1


[Site "https://www.chess.com"]

[Event "Titled Tuesday Blitz March 28 Early 2023"]
[White "Warmerdam, Max"]
[Black "Ibadov, Dashgyn"]
[WhiteFideId "1048104"]
[BlackFideId "24107514"]
[WhiteElo "2518"]
[BlackElo "2208"]
[Result "1-0"]
[Round "02"]
[TimeControl "180+2"]
[Date "2023.03.28"]
[WhiteClock "0:02:35"]
[BlackClock "0:02:20"]

1. Nf3 d5 2. g3 Nd7 3. Bg2 e5 4. O-O Ngf6 5. d3 Bd6 6. c4 c6 7. cxd5 cxd5 8. e4 d4 9. Nh4 O-O 10. Nf5 Bc7 11. f4 Nb6 12. fxe5 Bxe5 13. Nd2 g6 14. Nh6+ Kg7 15. Nf3 Qe7 16. Bg5 Qe6 17. Nxe5 Qxe5 18. Bxf6+ 1-0


[Site "https://www.chess.com"]

[Event "Titled Tuesday Blitz March 28 Early 2023"]
[White "Ivic, Velimir"]
[Black "Jain Kashish Manoj"]
[WhiteFideId "950122"]
[BlackFideId "35081098"]
[WhiteElo "2563"]
[BlackElo "2191"]
[Result "1-0"]
[Round "02"]
[TimeControl "180+2"]
[Date "2023.03.28"]
[WhiteClock "0:00:12"]
[BlackClock "0:00:02"]

1. e4 e6 2. d4 d5 3. Nc3 Bb4 4. Ne2 dxe4 5. a3 Be7 6. Nxe4 Nd7 7. Bf4 Ngf6 8. Qd3 Nxe4 9. Qxe4 Nf6 10. Qd3 b6 11. Qf3 Rb8 12. Qc6+ Bd7 13. Qc4 Bd6 14. Be5 O-O 15. Nf4 Ng4 16. Bxd6 cxd6 17. Be2 Rc8 18. Qb4 e5 19. dxe5 dxe5 20. Nd5 Rxc2 21. Qe4 Rc5 22. b4 Rc8 23. Rd1 Qg5 24. h4 Qd8 25. Bxg4 Bxg4 26. Qxg4 Rc2 27. Ne3 Qc7 28. Nxc2 Qxc2 29. O-O 1-0


[Site "https://www.chess.com"]

[Event "Titled Tuesday Blitz March 28 Early 2023"]
[White "Krsnik Cohar, Ivan Vihor"]
[Black "Ashraf, Artin"]
[WhiteFideId "14520044"]
[BlackFideId "22514805"]
[WhiteElo "2414"]
[BlackElo "2188"]
[Result "0-1"]
[Round "02"]
[TimeControl "180+2"]
[Date "2023.03.28"]
[WhiteClock "0:00:04"]
[BlackClock "0:00:45"]

1. e4 c5 2. Ne2 d6 3. g3 Nc6 4. Bg2 g6 5. c3 Bg7 6. d4 cxd4 7. cxd4 Nf6 8. Nbc3 O-O 9. h3 Bd7 10. Be3 Rc8 11. Qd2 a6 12. Rc1 b5 13. O-O e5 14. f4 exd4 15. Nxd4 Re8 16. Qd3 Na5 17. b3 Nb7 18. b4 Rc4 19. e5 dxe5 20. fxe5 Rxe5 21. Bxb7 Bxh3 22. Rfe1 Ng4 23. Rcd1 Rxe3 24. Rxe3 Rxd4 25. Qe2 Nxe3 0-1


[Site "https://www.chess.com"]

[Event "Titled Tuesday Blitz March 28 Early 2023"]
[White "Vallejo Diaz, Javier"]
[Black "Urazayev, Arystanbek"]
[WhiteFideId "2256398"]
[BlackFideId "13709810"]
[WhiteElo "2563"]
[BlackElo "2479"]
[Result "0-1"]
[Round "02"]
[TimeControl "180+2"]
[Date "2023.03.28"]
[WhiteClock "0:00:02"]
[BlackClock "0:00:18"]

1. e4 c6 2. d4 d5 3. Nd2 dxe4 4. Nxe4 Bf5 5. Ng3 Bg6 6. h4 h6 7. Nh3 e6 8. Nf4 Bh7 9. Bc4 Nf6 10. Qe2 Nd5 11. c3 Be7 12. Ngh5 Rg8 13. Be3 Nd7 14. Nxd5 cxd5 15. Bd3 Bxd3 16. Qxd3 Qb6 17. O-O-O O-O-O 18. Kb1 g6 19. Nf4 h5 20. g3 Nf6 21. f3 Bd6 22. Rc1 Kb8 23. Qd2 a6 24. Rhg1 Qb5 25. Nd3 Ka8 26. Bg5 Be7 27. Ne5 Rgf8 28. Bh6 Rg8 29. Nxf7 Rc8 30. Bg5 Rg7 31. Ne5 Ng8 32. Rge1 Bd6 33. f4 Be7 34. Nf3 Bxg5 35. Nxg5 Nf6 36. Rxe6 Ng4 37. Rce1 Rgc7 38. Rc1 Rc6 39. Qe2 Qb6 40. Rxc6 Rxc6 41. Ka1 Ka7 42. Re1 Nf6 43. Qe5 Qa5 44. Qe7 Ng4 45. Qb4 Qxb4 46. cxb4 Ne3 47. Kb1 Nf5 48. Re6 Nxd4 49. Rxc6 bxc6 50. Kc1 Ne2+ 51. Kd2 Nxg3 52. Ne6 Nf5 53. Nd8 Kb6 54. Kd3 Nxh4 55. a4 Nf5 56. Ne6 h4 57. Ng5 a5 58. bxa5+ Kxa5 59. b3 c5 60. Ne6 Kb4 61. a5 Kxa5 62. Nxc5 h3 63. Ke2 h2 64. Nd3 h1=Q 0-1


[Site "https://www.chess.com"]

[Event "Titled Tuesday Blitz March 28 Early 2023"]
[White "Timofeev, Artyom"]
[Black "Osinenko, Anton"]
[WhiteFideId "4140419"]
[BlackFideId "4158970"]
[WhiteElo "2586"]
[BlackElo "2294"]
[Result "1-0"]
[Round "02"]
[TimeControl "180+2"]
[Date "2023.03.28"]
[WhiteClock "0:01:49"]
[BlackClock "0:00:49"]

1. e4 Nc6 2. Nf3 e6 3. d4 d5 4. Nbd2 Nge7 5. c3 b6 6. Bd3 Bb7 7. O-O Ng6 8. Re1 Be7 9. Nf1 Qd7 10. exd5 exd5 11. Ng3 O-O 12. Nf5 Bf6 13. Bg5 Bxg5 14. Nxg5 f6 15. Nxh7 Rfe8 16. Qg4 Kxh7 17. Qh5+ Kg8 18. Qxg6 Kf8 19. Qh7 Qf7 20. Nh4 g5 21. Ng6+ 1-0


[Site "https://www.chess.com"]

[Event "Titled Tuesday Blitz March 28 Early 2023"]
[White "Drori, Saar"]
[Black "Asadli, Vugar"]
[WhiteFideId "2812444"]
[BlackFideId "13405764"]
[WhiteElo "2322"]
[BlackElo "2598"]
[Result "0-1"]
[Round "02"]
[TimeControl "180+2"]
[Date "2023.03.28"]
[WhiteClock "0:00:12"]
[BlackClock "0:00:49"]

1. e4 c5 2. Nc3 Nc6 3. g3 g6 4. Bg2 Bg7 5. d3 Rb8 6. Be3 d6 7. Qd2 b5 8. a3 a5 9. Nge2 b4 10. axb4 axb4 11. Nd1 e5 12. O-O Nge7 13. Bh6 O-O 14. Bxg7 Kxg7 15. Ne3 Nd4 16. f4 f6 17. g4 Nec6 18. f5 Nxe2+ 19. Qxe2 g5 20. h4 h6 21. c3 Rf7 22. Nc4 Rfb7 23. Ra6 Qc7 24. Ra2 Bd7 25. Rfa1 Be8 26. Ra6 Bf7 27. Ne3 bxc3 28. bxc3 Rb2 29. Qd1 Qb7 30. Qa4 Rb1+ 31. Rxb1 Qxb1+ 32. Nf1 Ne7 33. hxg5 hxg5 34. Rxd6 Rb2 35. Qd7 Qe1 36. Bh3 Qf2+ 37. Kh1 Qf3+ 38. Kg1 Qxh3 0-1


[Site "https://www.chess.com"]

[Event "Titled Tuesday Blitz March 28 Early 2023"]
[White "Ohanyan, Emin"]
[Black "Castellanos Villela, Alejandro"]
[WhiteFideId "13312022"]
[BlackFideId "3446379"]
[WhiteElo "2402"]
[BlackElo "2102"]
[Result "1-0"]
[Round "02"]
[TimeControl "180+2"]
[Date "2023.03.28"]
[WhiteClock "0:00:10"]
[BlackClock "0:00:09"]

1. e4 c5 2. Nf3 d6 3. d4 cxd4 4. Nxd4 Nf6 5. Nc3 a6 6. Bc4 e6 7. Bb3 Nbd7 8. f4 Nc5 9. f5 Be7 10. fxe6 fxe6 11. O-O O-O 12. Nf5 Nxb3 13. Nxe7+ Qxe7 14. axb3 b5 15. Bg5 Bb7 16. Bxf6 Rxf6 17. Rxf6 gxf6 18. b4 Rc8 19. Qg4+ Kf8 20. Rf1 Rc4 21. Qh4 Kg7 22. Rf3 d5 23. Qg3+ Kf7 24. exd5 exd5 25. Re3 Qxb4 26. Qh3 Qc5 27. Qxh7+ Kf8 28. Qh8+ Kf7 29. Qh7+ Kf8 30. Qh8+ Kf7 31. Qe8+ Kg7 32. Qe7+ Kg6 33. Qe8+ Kg7 34. Kf1 Rf4+ 35. Ke1 Re4 36. Qd7+ Kg6 37. Rxe4 Qg1+ 38. Kd2 dxe4 39. Qxb7 Qxg2+ 40. Kc1 Qg1+ 41. Nd1 f5 42. Qxa6+ Kg5 43. Qxb5 Qxh2 44. b4 Qf4+ 45. Kb2 Qd2 46. Nc3 e3 47. Ne4+ 1-0


[Site "https://www.chess.com"]

[Event "Titled Tuesday Blitz March 28 Early 2023"]
[White "Bilan, Danila"]
[Black "Ozen, Bahadir"]
[WhiteFideId "24161918"]
[BlackFideId "6337058"]
[WhiteElo "2182"]
[BlackElo "2503"]
[Result "0-1"]
[Round "02"]
[TimeControl "180+2"]
[Date "2023.03.28"]
[WhiteClock "0:00:08"]
[BlackClock "0:01:07"]

1. d4 d6 2. Nf3 Bg4 3. e3 Nf6 4. c3 Nbd7 5. Nbd2 e5 6. Qb3 Rb8 7. Bc4 Bh5 8. dxe5 dxe5 9. Qa4 a6 10. Qc2 b5 11. Bb3 Bg6 12. Qd1 Bd6 13. Bc2 O-O 14. Bxg6 hxg6 15. e4 Nc5 16. Qe2 c6 17. O-O Qe7 18. Rd1 Rfd8 19. b4 Na4 20. Nb1 c5 21. a3 Bc7 22. Bg5 c4 23. Rxd8+ Rxd8 24. Qe3 Rd1+ 25. Ne1 Bb6 26. Qe2 Qd7 27. Nd2 Rxa1 0-1


[Site "https://www.chess.com"]

[Event "Titled Tuesday Blitz March 28 Early 2023"]
[White "Degenbaev, Aziz"]
[Black "Horvath, Dominik"]
[WhiteFideId "13802640"]
[BlackFideId "1642561"]
[WhiteElo "2152"]
[BlackElo "2407"]
[Result "1-0"]
[Round "02"]
[TimeControl "180+2"]
[Date "2023.03.28"]
[WhiteClock "0:00:04"]
[BlackClock "0:00:28"]

1. e4 c5 2. Nf3 Nc6 3. Bb5 Nf6 4. Nc3 d6 5. O-O e5 6. d3 a6 7. Bc4 b5 8. Bb3 Na5 9. Bg5 Nxb3 10. axb3 Bb7 11. Nd5 Be7 12. Nxe7 Qxe7 13. Nh4 Bc8 14. f4 h6 15. fxe5 hxg5 16. exf6 gxf6 17. Nf5 Qe5 18. h3 Bxf5 19. exf5 Kf8 20. Qf3 Qxb2 21. Qxa8+ Kg7 22. Qf3 Qd4+ 23. Qf2 Qd5 24. Rae1 Rh4 25. Re4 Rh8 26. Qg3 a5 27. c4 Qc6 28. Re7 a4 29. bxa4 bxa4 30. Qe3 a3 31. Ra1 Qa4 32. Qe6 Rf8 33. Qd7 Qc2 34. Qa7 Qxd3 35. Rxa3 Qxc4 36. Qa4 Qc1+ 37. Kh2 c4 38. Rf3 d5 39. Re8 g4 40. hxg4 Qh6+ 41. Kg3 Rxe8 42. Qxe8 d4 43. Qe4 Qd2 44. Qf4 Qe1+ 45. Kh2 d3 46. g5 d2 47. gxf6+ Kxf6 48. Qd6+ Kg5 49. Rg3+ Kxf5 50. Qd5+ Qe5 51. Qxd2 c3 52. Qxc3 Qe8 53. Qf3+ Ke5 54. Qe2+ Kd6 55. Qxe8 1-0


[Site "https://www.chess.com"]

[Event "Titled Tuesday Blitz March 28 Early 2023"]
[White "Smirnov, Pavel"]
[Black "Danielyan, Vahe"]
[WhiteFideId "4123425"]
[BlackFideId "13304828"]
[WhiteElo "2519"]
[BlackElo "2423"]
[Result "0-1"]
[Round "02"]
[TimeControl "180+2"]
[Date "2023.03.28"]
[WhiteClock "0:00:01"]
[BlackClock "0:00:10"]

1. d4 Nf6 2. c4 e6 3. g3 c5 4. Nf3 d5 5. Bg2 Nc6 6. O-O Be7 7. cxd5 exd5 8. dxc5 Bxc5 9. a3 O-O 10. b4 Be7 11. Bb2 Be6 12. Nbd2 Rc8 13. Nb3 Ne4 14. Rc1 Bf6 15. Nbd4 Nxd4 16. Nxd4 Rxc1 17. Qxc1 Qb6 18. Rd1 Rc8 19. Qe3 Nd6 20. Qd3 Nc4 21. Ba1 Qa6 22. Nxe6 fxe6 23. Bxf6 gxf6 24. Qd4 Ne5 25. e4 Qc4 26. Qxa7 Qe2 27. Rf1 dxe4 28. Qxb7 Rc4 29. Qe7 Nf3+ 30. Kh1 Nd2 31. Qxe6+ Kg7 32. Qe7+ Kg6 33. Qe8+ Kg7 34. Qd7+ Kg6 35. Rg1 Qxf2 36. Qg4+ Kf7 37. Qd7+ Kg6 38. Rd1 e3 39. Bd5 e2 40. Bf7+ Kh6 41. Qxd2+ Kg7 42. Re1 Qf1+ 43. Rxf1 exf1=Q# 0-1


[Site "https://www.chess.com"]

[Event "Titled Tuesday Blitz March 28 Early 2023"]
[White "Shohat, Yotam"]
[Black "Boyer, Mahel"]
[WhiteFideId "2813955"]
[BlackFideId "45102422"]
[WhiteElo "2226"]
[BlackElo "2439"]
[Result "1/2-1/2"]
[Round "02"]
[TimeControl "180+2"]
[Date "2023.03.28"]
[WhiteClock "0:00:23"]
[BlackClock "0:00:31"]

1. e4 Nc6 2. Nf3 d5 3. exd5 Qxd5 4. Nc3 Qh5 5. Be2 Bg4 6. h3 O-O-O 7. O-O Bxh3 8. gxh3 Qxh3 9. Ng5 Qh4 10. Nxf7 Nh6 11. Nxd8 e6 12. Nxc6 Bd6 13. Ne7+ Kd8 14. f4 Qg3+ 15. Kh1 Qh3+ 16. Kg1 Bc5+ 17. d4 Qg3+ 18. Kh1 Qh3+ 19. Kg1 Qg3+ 20. Kh1 Qh3+ 21. Kg1 1/2-1/2


[Site "https://www.chess.com"]

[Event "Titled Tuesday Blitz March 28 Early 2023"]
[White "Dzhumagaliev, Yan"]
[Black "Riff, Vincent"]
[WhiteFideId "24100110"]
[BlackFideId "617776"]
[WhiteElo "2476"]
[BlackElo "2369"]
[Result "1-0"]
[Round "02"]
[TimeControl "180+2"]
[Date "2023.03.28"]
[WhiteClock "0:00:53"]
[BlackClock "0:01:37"]

1. Nf3 Nf6 2. h4 d6 3. h5 e5 4. d4 e4 5. Ng1 h6 6. Bf4 Bg4 7. c4 Bxh5 8. Qb3 b6 9. Rxh5 Nxh5 10. Qb5+ Nd7 11. Qxh5 g5 12. Bc1 Bg7 13. e3 Qe7 14. Nc3 O-O 15. Qg4 Nf6 16. Qf5 c5 17. Nge2 Rac8 18. Ng3 Rfe8 19. Nd5 Nxd5 20. Qxd5 b5 21. Nf5 Qf6 22. g4 Re6 23. cxb5 cxd4 24. exd4 Bf8 25. Be3 Ree8 26. Bc4 Rc7 27. b3 Re6 28. Rd1 Qg6 29. Ng3 Rf6 30. Qxe4 Qg7 31. Nh5 1-0


[Site "https://www.chess.com"]

[Event "Titled Tuesday Blitz March 28 Early 2023"]
[White "Mostbauer, Florian"]
[Black "Real_OceanStorm"]
[WhiteFideId "1626671"]
[WhiteElo "2234"]
[BlackElo "2803"]
[Result "1/2-1/2"]
[Round "02"]
[TimeControl "180+2"]
[Date "2023.03.28"]
[WhiteClock "0:00:13"]
[BlackClock "0:00:32"]

1. c4 Nf6 2. g3 e6 3. Bg2 c5 4. Nf3 Nc6 5. O-O d5 6. cxd5 exd5 7. d4 Be7 8. Nc3 h6 9. dxc5 Bxc5 10. b3 O-O 11. Bb2 Bg4 12. Rc1 Qa5 13. a3 Bd6 14. b4 Qc7 15. Nb5 Qd8 16. Nxd6 Qxd6 17. h3 Bxf3 18. Bxf3 Rfd8 19. Qd3 a5 20. b5 Ne5 21. Bxe5 Qxe5 22. Rfd1 Rac8 23. a4 Rxc1 24. Rxc1 Re8 25. e3 b6 26. Kg2 Qb2 27. Rc6 Ne4 28. Bxe4 dxe4 29. Qd7 Rb8 30. Rc8+ Rxc8 31. Qxc8+ Kh7 32. Qf5+ Kg8 33. Qxe4 Qb4 34. Qe8+ Kh7 35. Qxf7 Qxa4 36. Qf5+ Kh8 37. e4 Qb3 38. Qf8+ Kh7 39. Qd6 Qxb5 40. e5 a4 41. e6 Kg6 42. e7+ Kf7 43. Qd8 Qc6+ 44. Kg1 Qe8 45. Qxb6 Qxe7 46. Qa5 Qe4 47. g4 Qd4 48. Qf5+ Ke7 49. Qa5 Qc4 50. Qe5+ Kf7 51. Qf5+ Kg8 52. Qf3 Qc1+ 53. Kg2 Qc4 54. h4 Kh7 55. Qf5+ Kg8 56. Qf3 g6 57. h5 a3 58. Qa8+ Kg7 59. Qa7+ Kf6 60. Qxa3 Qxg4+ 61. Qg3 Qe4+ 62. Qf3+ Qxf3+ 63. Kxf3 gxh5 64. Kg3 Kg5 65. Kh3 h4 66. f4+ Kg6 67. Kg4 h3 68. Kxh3 Kf5 69. Kg3 Kf6 70. Kg4 h5+ 71. Kxh5 Kf5 72. Kh4 Kxf4 1/2-1/2


[Site "https://www.chess.com"]

[Event "Titled Tuesday Blitz March 28 Early 2023"]
[White "Kilic, Eray"]
[Black "Dobre, Claudiu-Cristian"]
[WhiteFideId "44517173"]
[BlackFideId "1211854"]
[WhiteElo "2328"]
[BlackElo "2207"]
[Result "1-0"]
[Round "02"]
[TimeControl "180+2"]
[Date "2023.03.28"]
[WhiteClock "0:00:17"]
[BlackClock "0:00:03"]

1. d4 f5 2. Nf3 Nf6 3. g3 g6 4. Bg2 Bg7 5. O-O O-O 6. c4 d6 7. Nc3 Qe8 8. d5 a5 9. Nd4 Na6 10. Bg5 Nc5 11. Rc1 Bd7 12. Qd2 c6 13. Bh6 e5 14. dxe6 Bxe6 15. Bxg7 Kxg7 16. Rfd1 Bxc4 17. b3 Bg8 18. Qf4 Qe5 19. Qh4 Rae8 20. e3 Nce4 21. Nf3 Qe7 22. Ng5 Nxg5 23. Qxg5 d5 24. Qf4 Ne4 25. h4 Qe5 26. Ne2 Qxf4 27. Nxf4 h6 28. Nd3 g5 29. hxg5 hxg5 30. b4 axb4 31. Nxb4 Ra8 32. Rc2 Ra4 33. Nd3 Rfa8 34. Rb1 Nd6 35. Rbb2 Rc4 36. Rd2 Bf7 37. f3 Kf6 38. Bf1 Rca4 39. Nc5 R4a7 40. Nd7+ Ke7 41. Ne5 Be6 42. Rh2 Kf6 43. f4 gxf4 44. exf4 Kg7 45. Rh5 Rh8 46. Rg5+ Kf6 47. Rg6+ Ke7 48. Rg7+ Bf7 49. Re2 Kf6 50. Rg5 Be8 51. g4 fxg4 52. Nxg4+ Kf7 53. Bg2 Ra4 54. f5 Rf4 55. Re6 Ne4 56. Ne5+ Kf8 57. Bxe4 Rxe4 58. f6 Bf7 59. Re7 Rh7 60. Nd7# 1-0


[Site "https://www.chess.com"]